 Dungeon Crawl Stone Soup version 0.20.0-15-g7f486f2 (webtiles) character file.

45 dobroeutro the Skirmisher (level 3, -3/29 HPs)
             Began as a Demonspawn Fighter on June 12, 2017.
             Slain by a gnoll
             ... wielding a +1 flail of protection
              (7 damage)
             ... on level 1 of the Dungeon.
             The game lasted 00:03:08 (826 turns).

dobroeutro the Skirmisher (Demonspawn Fighter)       Turns: 826, Time: 00:03:09

Health: -3/29      AC:  6    Str: 17    XL:     3   Next: 42%
Magic:  3/3        EV:  7    Int:  9    God:
Gold:   47         SH:  9    Dex: 12    Spells: 2/2 levels left

rFire    . . .     SeeInvis .   a - +0 war axe
rCold    . . .     Gourm    .   c - +0 shield
rNeg     . . .     Faith    .   b - +0 scale mail
rPois    .         Spirit   .   (no helmet)
rElec    .         Reflect  .   (no cloak)
rCorr    .         Harm     .   (no gloves)
MR       .....                  (no boots)
Stlth    ..........             q - amulet of rage
Regen    0.1/turn               (no ring)
MPRegen  0.1/turn               (no ring)

@: no status effects
A: rot immunity
a: Evoke Berserk Rage


You were on level 1 of the Dungeon.
You were not hungry.

You visited 1 branch of the dungeon, and saw 2 of its levels.

You collected 47 gold pieces.

Inventory:

Hand Weapons
 a - a +0 war axe (weapon)
Armour
 b - a +0 scale mail (worn)
 c - a +0 shield (worn)
Jewellery
 e - an uncursed ring of ice
 q - an amulet of rage (around neck)
Scrolls
 g - a scroll of enchant weapon {unknown}
 l - 4 scrolls of magic mapping {unknown}
 n - a scroll of identify {unknown}
 o - 3 scrolls of recharging {unknown}
 p - a scroll of remove curse {unknown}
Potions
 d - a potion of might
 h - a potion of lignification {unknown}
 i - a potion of heal wounds {unknown}
 j - a potion of curing {unknown}
 k - a potion of brilliance {unknown}
 m - a potion of flight {unknown}
Comestibles
 f - 2 bread rations


   Skills:
 - Level 3.2 Fighting
 + Level 2.6 Axes
 - Level 3.0 Armour
 - Level 0.1 Dodging
 - Level 3.0 Shields


You had 2 spell levels left.
You didn't know any spells.

Dungeon Overview and Level Annotations

Branches:
Dungeon (2/15)

Altars:


Innate Abilities, Weirdness & Mutations

You are immune to rotting.


Message History

You hit the gnoll but do no damage.
The gnoll is almost dead.
You block the gnoll's attack.
You barely miss the gnoll.
The gnoll is almost dead.
The gnoll hits you but does no damage. You block the gnoll's attack.
Press: ? - help, v - describe, . - travel
Here: a gnoll, wielding a flail of protection (almost dead)
The floor, spattered with blood.
You hit the gnoll but do no damage.
The gnoll is almost dead.
The gnoll hits you with a flail of protection.
You hit the gnoll but do no damage.
The gnoll is almost dead.
The gnoll hits you with a flail of protection!
* * * LOW HITPOINT WARNING * * *
You hit the gnoll but do no damage.
The gnoll is almost dead.
The gnoll hits you with a flail of protection!
You die...

############....##
#...............'.
#.#####.........## #.#
#.........##
######.#####...........
#..........#...........
#.........(#...........
#....g.....#....(......
#######@................
#........####...........
#........####...........
#........'.)............
#........#########......
#...............##......
#.........#####.....####
#.........#####....##
######.............#


You could see a gnoll.

Vanquished Creatures
  A gnoll (D:2)
  An ooze (D:2)
  A dart slug (D:1)
  A ball python (D:1)
  2 giant cockroaches (D:2)
  2 goblins
  4 hobgoblins
  2 jackals (D:1)
  4 kobolds (D:1)
  6 bats
  A frilled lizard (D:2)
  2 rats
27 creatures vanquished.

Notes
Turn   | Place    | Note
-------+----------+-------------------------------------------
     0 | D:1      | dobroeutro the Demonspawn Fighter began the quest for the Orb.
     0 | D:1      | Reached XP level 1. HP: 18/18 MP: 1/1
   224 | D:1      | Gained mutation: You are immune to rotting. [demonic ancestry]
   224 | D:1      | Reached XP level 2. HP: 24/24 MP: 2/2
   580 | D:2      | Reached XP level 3. HP: 28/29 MP: 3/3
   826 | D:1      | Slain by a gnoll

Skill      XL: |  1  2  3 |
---------------+----------+-----
Axes           | 2 |  2.6
Shields        | 3 |  3.0
Armour         | 3 |  3.0
Fighting       | |  3.2
Dodging        | |  0.1

Action                   || total
-------------------------++-------
Melee: War axe           ||    96
Armor: Scale mail        ||    61
Dodge: Dodged            ||    37
Block: Shield            ||    57
